[Event "13th Leiden Open 2019"]
[Site "Leiden"]
[Date "2019.07.20"]
[Round "8.10"]
[White "Bueno, Mark"]
[Black "Minnema, Rens"]
[Result "1-0"]
[ECO "B09"]
[WhiteElo "1976"]
[BlackElo "1846"]
[Annotator "NA"]
[PlyCount "83"]
[EventDate "2019.07.08"]
[EventType "swiss"]
[EventCountry "NED"]
[SourceTitle "playchess.com"]
[Source "ChessBase"]
[SourceQuality "1"]
[TimeControl "40/5400+30:1800+30"]

1. e4 d6 2. d4 Nf6 3. Nc3 g6 4. f4 Bg7 5. Nf3 O-O 6. Bd3 c5 7. e5 dxe5 8. dxe5 Nd5 9. Nxd5 Qxd5 10. Qe2 Nc6 11. Be4 Qd7 12. Be3 b6 13. Rd1 Qc7 14. O-O Bg4 15. h3 Bxf3 16. Qxf3 Rac8 17. Bxc6 Qxc6 18. Qxc6 Rxc6 19. Rd7 f6 20. Rxe7 fxe5 21. fxe5 Rxf1+ 22. Kxf1 a6 23. Bf4 Kf8 24. Ra7 b5 25. Rd7 c4 26. Ke2 Rc5 27. e6 Rc6 28. Rd6 Rxd6 29. Bxd6+ Ke8 30. b3 cxb3 31. cxb3 Bd4 32. Kd3 Bb6 33. Ke4 Bd8 34. Kd5 h5 35. Kc6 h4 36. Kb7 a5 37. e7 Bxe7 38. Bxe7 Kxe7 39. Kb6 a4 40. Kxb5 axb3 41. axb3 Kd7 42. Kc5 1-0

[Event "13th Leiden Open 2019"]
[Site "Leiden"]
[Date "2019.07.21"]
[Round "9.6"]
[White "Beerdsen, Thomas"]
[Black "Chanda, Sandipan"]
[Result "1/2-1/2"]
[ECO "B81"]
[WhiteElo "2497"]
[BlackElo "2516"]
[Annotator "ChessBase"]
[PlyCount "49"]
[EventDate "2019.07.08"]
[EventType "swiss"]
[EventCountry "NED"]
[SourceTitle "playchess.com"]
[Source "ChessBase"]
[SourceQuality "1"]
[TimeControl "40/5400+30:1800+30"]

1. e4 c5 2. Nf3 d6 3. d4 cxd4 4. Nxd4 Nf6 5. Nc3 a6 6. h3 e6 7. g4 Nfd7 8. g5 b5 9. a3 Bb7 10. h4 Be7 11. Be3 Nc6 12. Qe2 Nxd4 13. Bxd4 e5 14. Be3 Rc8 15. Bh3 Rc4 16. a4 O-O 17. axb5 axb5 18. Ra7 Bc6 19. Bxd7 Bxd7 20. Nd5 Ra4 21. Rxa4 bxa4 22. Qa6 Qe8 23. O-O f5 24. exf5 Bxf5 25. Nxe7+ 1/2-1/2

[Event "13th Leiden Open 2019"]
[Site "Leiden"]
[Date "2019.07.21"]
[Round "9.10"]
[White "De Jong, Sebastiaan"]
[Black "Bueno, Mark"]
[Result "1/2-1/2"]
[ECO "A26"]
[WhiteElo "1942"]
[BlackElo "1976"]
[Annotator "NA"]
[PlyCount "32"]
[EventDate "2019.07.08"]
[EventType "swiss"]
[EventCountry "NED"]
[SourceTitle "playchess.com"]
[Source "ChessBase"]
[SourceQuality "1"]
[TimeControl "40/5400+30:1800+30"]

1. c4 e5 2. Nc3 Nc6 3. g3 g6 4. Bg2 Bg7 5. d3 d6 6. Nf3 f5 7. e4 Nf6 8. a3 a5 9. Rb1 O-O 10. h3 Qe8 11. O-O h6 12. Re1 f4 13. Kh2 g5 14. Ng1 Nd4 15. Nce2 Qh5 16. f3 Ne6 1/2-1/2